 Dungeon Sprint DCSS version 0.30.1-11-g7821555f0a (webtiles) character file.

Game seed: 4037216194212141868

4075 Groucho the Unseen (level 10, -2/49 HPs)
             Began as a Spriggan Enchanter on Oct 28, 2023.
             Was a High Priest of Dithmenos.
             Slain by a spriggan rider
             ... wielding a +1 spear of venom
              (21 damage)
             ... in the Dungeon (Sprint IV: "Fedhas' Mad Dash").
             The game lasted 00:05:55 (2287 turns).

Groucho the Unseen (Spriggan Enchanter)             Turns: 2287, Time: 00:05:55

Health: -2/49      AC:  2    Str:  6    XL:     10   Next: 5%
Magic:  24/30      EV: 17    Int: 19    God:    Dithmenos [*****.]
Gold:   120        SH:  0    Dex: 16    Spells: 26/40 levels left

rFire   . . .        c - +4 dagger (holy)
rCold   . . .        (no shield)
rNeg    . . .        b - +0 robe
rPois   .            (helmet restricted)
rElec   .            (no cloak)
rCorr   .            (gloves unavailable)
SInv    +            (boots unavailable)
Will    +....        k - amulet of invisibility {+Inv}
Stlth   ++++++++++   (no ring)
HPRegen 0.28/turn    (no ring)
MPRegen 0.22/turn

%: no teleportation
@: lethally poisoned (-2 -> -5), confusing by touch, freezing walls, wreathed by
umbra, very quick
A: very small, no large weapons, unfitting armour, see invisible, speed 3
a: Renounce Religion, Evoke Invisibility, Shadow Step, Shadow Form


You were in the Dungeon.
You worshipped Dithmenos.
Dithmenos was extremely pleased with you.
You visited 1 branch You collected 120 gold pieces.

Inventory:

Hand Weapons
 a - a +1 dagger
 c - a +4 dagger of holy wrath (weapon)
Missiles
 j - 10 poisoned darts (quivered)
Armour
 b - a +0 robe (worn)
Jewellery
 k - the amulet of invisibility (around neck) {+Inv}
   (You found it in the Dungeon)

   [amulet of nothing]

   +Inv:      It lets you turn invisible.
Scrolls
 i - a scroll of blinking
 l - 3 scrolls of fog {unknown}
 p - a scroll of amnesia {unknown}
 q - a scroll of enchant armour {unknown}
Potions
 e - a potion of heal wounds
 f - 2 potions of haste
 g - 2 potions of magic
 h - 2 potions of mutation {unknown}
 m - a potion of degeneration {unknown}
 n - a potion of cancellation {unknown}
 o - 2 potions of flight {unknown}


   Skills:
 + Level 3.1 Fighting
 + Level 4.5 Short Blades
 - Level 2.6 Dodging
 - Level 16.0 Stealth
 + Level 15.9 Spellcasting
 + Level 2.8 Conjurations
 + Level 15.9 Hexes
 - Level 10.0 Evocations


You had 26 spell levels left.
You knew the following spells:

 Your Spells              Type           Power      Damage    Failure   Level
a - Ensorcelled Hibernat  Hex/Ice        90%        N/A       1%          2
b - Confusing Touch       Hex            66%        N/A       1%          3
c - Dazzling Flash        Conj/Hex       100%       N/A       1%          3
d - Tukima's Dance        Hex            66%        N/A       1%          3
e - Frozen Ramparts       Ice            30%        1d5       12%         3

Your spell library contained the following spells:

 Spells                   Type           Power      Damage    Failure   Level
 Freeze                   Ice            60%        1d7       4%          1
 Hailstorm                Conj/Ice       20%        3d6       7%          3


Dungeon Overview and Level Annotations

Branches:
Dungeon (1/1)

Altars:
Cheibriados
Dithmenos
Elyvilon
Gozag
Hepliaklqana
Kikubaaqudgha
Makhleb
Nemelex Xobeh
Okawaru
Qazlal
Ru
Sif Muna
Trog
Uskayaw
Vehumet
Wu Jian
Xom
Yredelemnul
Zin
The Shining One
Jiyva
Lugonu

Shops:
D *

Annotations:
D Agnes


Innate Abilities, Weirdness & Mutations

You are very small and have problems with some larger weapons.
You are too small for most types of armour.
You have supernaturally acute eyesight. (SInv)
You cover ground extremely quickly. (Speed+++)


Message History

You start waiting.
A spriggan rider is nearby!
A spriggan rider is nearby!
A spriggan rider is nearby!
Casting: Dazzling Flash (safe; 1% risk of failure)
Confirm with . or Enter, or press ? or * to list all spells.
Okay, then.
The spriggan rider hits you with a +1 spear of venom!!
Ouch! That really hurt!
You emit a cloud of dark smoke.
You are poisoned.
Unknown command.
Unknown command.
You feel better.
The spriggan rider hits you with a +1 spear of venom!
You are poisoned.
Casting: Dazzling Flash (safe; 1% risk of failure)
Confirm with . or Enter, or press ? or * to list all spells.
Casting: Frozen Ramparts (dangerous; 12% risk of failure)
Press: ? - help, Dir - look around, f - activate This square is wreathed by an umbra.
There is a cloud of black smoke here.
The walls around you are covered in ice.
You feel sick.
The wall freezes the spriggan rider.
The spriggan rider barely misses you.
Unknown command.
Unknown command.
You closely miss the spriggan rider.
The spriggan rider is lightly wounded.
The spriggan rider blocks your shadow's attack.
You feel sick.
The wall freezes the spriggan rider.
The spriggan rider barely misses you.
Unknown command.
Unknown command.
Casting: Frozen Ramparts (dangerous; 12% risk of failure)
Confirm with . or Enter, or press ? or * to list all spells.
Your hands begin to glow red.
You feel sick.
The wall freezes the spriggan rider.
The spriggan rider hits you with a +1 spear of venom!!
You die...

...#.⌠._._._._.⌠.#..)...#
...'.._._._._._..'.)#...#
...#..._._._._...#..###+#
#'##.._._._._._..#..#
...#._._._._._.⌠.############ ###
...###################....§§###i.
####♣♣♣♣♣..♣.###§'..+...§§§§§§§§.
..'......♣..♣##§i#..#.P..§§§#####
..#♣..♣♣♣.♣).###@##+##.P..§§#
..#.♣♣..♣...♣'.§§#♣.♣########
##################... ♣.. ....
♣.i. #####


You could see a spriggan rider.

Vanquished Creatures
  A spriggan druid (D)
  6 oklob plants (D)
  A demonic crawler (D)
  A burning bush (D)
  A wandering mushroom (D)
  A queen bee (D)
  2 scorpions (D)
  4 killer bees (D)
  5 oklob saplings (D)
  3 spriggans (D)
  A river rat (D)
  A rat (D)
  A ballistomycete spore (D)
28 creatures vanquished.

Notes
Turn   | Place    | Note
-------+----------+-------------------------------------------
     0 | D        | Groucho the Spriggan Enchanter began the quest for the Orb.
     0 | D        | Reached XP level 1. HP: 9/9 MP: 5/5
    12 | D        | Reached skill level 6 in Stealth
    12 | D        | Reached XP level 2. HP: 13/13 MP: 5/7
    22 | D        | Noticed an oklob sapling
    24 | D        | Killed an oklob sapling
    25 | D        | Reached skill level 8 in Stealth
    25 | D        | Reached skill level 5 in Hexes
    25 | D        | Reached XP level 3. HP: 16/16 MP: 7/10
    26 | D        | Noticed a scorpion
    26 | D        | Found the amulet of invisibility {+Inv}
    28 | D        | Killed a scorpion
    29 | D        | Reached skill level 10 in Stealth
    29 | D        | Reached skill level 5 in Spellcasting
    29 | D        | Reached XP level 4. HP: 21/21 MP: 7/12
   480 | D        | Found an opulent altar of Gozag.
   480 | D        | Found a hazy altar of Hepliaklqana.
   480 | D        | Found a snail-covered altar of Cheibriados.
   481 | D        | Found a viscous altar of Jiyva.
   481 | D        | Found a burning altar of Makhleb.
   481 | D        | Found a sparkling altar of Nemelex Xobeh.
   481 | D        | Found a sacrificial altar of Ru.
   481 | D        | Found a shimmering blue altar of Sif Muna.
   481 | D        | Found a bloodstained altar of Trog.
   481 | D        | Found an ornate altar of the Wu Jian Council.
   481 | D        | Found a shimmering altar of Xom.
   481 | D        | Found a basalt altar of Yredelemnul.
   482 | D        | Found an iron altar of Okawaru.
   482 | D        | Found a shadowy altar of Dithmenos.
   482 | D        | Found a glowing silver altar of Zin.
   483 | D        | Found an ancient bone altar of Kikubaaqudgha.
   483 | D        | Found a hide-covered altar of Uskayaw.
   484 | D        | Found a white marble altar of Elyvilon.
   484 | D        | Found a stormy altar of Qazlal.
   484 | D        | Found a glowing golden altar of the Shining One.
   485 | D        | Found a corrupted altar of Lugonu.
   485 | D        | Found a radiant altar of Vehumet.
   490 | D        | Became a worshipper of Dithmenos the Shadowed
   497 | D        | Reached skill level 11 in Stealth
   497 | D        | Reached XP level 5. HP: 16/24 MP: 12/14
   632 | D        | Learned a level 2 spell: Ensorcelled Hibernation
   636 | D        | Learned a level 3 spell: Confusing Touch
   640 | D        | Learned a level 3 spell: Dazzling Flash
   644 | D        | Learned a level 3 spell: Tukima's Dance
   649 | D        | Reached skill level 12 in Stealth
   672 | D        | Reached * piety under Dithmenos
   680 | D        | Reached skill level 13 in Stealth
   680 | D        | Reached skill level 5 in Evocations
   680 | D        | Reached XP level 6. HP: 11/28 MP: 15/17
   986 | D        | Reached ** piety under Dithmenos
   998 | D        | Noticed a queen bee
  1327 | D        | Killed a queen bee
  1328 | D        | Reached skill level 15 in Stealth
  1329 | D        | Reached XP level 7. HP: 32/32 MP: 18/20
  1331 | D        | Reached *** piety under Dithmenos
  1332 | D        | Reached skill level 16 in Stealth
  1334 | D        | Noticed an oklob plant
  1337 | D        | Killed an oklob plant
  1338 | D        | Reached XP level 8. HP: 36/36 MP: 20/24
  1469 | D        | Noticed a burning bush
  1479 | D        | Noticed a burning bush
  1479 | D        | Noticed an oklob plant
  1480 | D        | Noticed a wandering mushroom
  1481 | D        | Killed a burning bush
  1482 | D        | Reached skill level 10 in Evocations
  1486 | D        | Killed an oklob plant
  1486 | D        | Reached **** piety under Dithmenos
  1489 | D        | Killed a wandering mushroom
  1964 | D        | Noticed a spriggan druid
  1965 | D        | Killed a spriggan druid
  1966 | D        | Reached XP level 9. HP: 39/39 MP: 26/28
  1985 | D        | Noticed an oklob plant conjurer
  1986 | D        | Killed an oklob plant conjurer
  1986 | D        | Reached ***** piety under Dithmenos
  1987 | D        | Reached skill level 15 in Spellcasting
  1987 | D        | Reached skill level 15 in Hexes
  1993 | D        | Learned a level 3 spell: Frozen Ramparts
  2037 | D        | Noticed Agnes
  2039 | D        | Noticed an oklob plant
  2040 | D        | Noticed an oklob plant shifter
  2040 | D        | Noticed an oklob plant summoner
  2044 | D        | Killed an oklob plant
  2045 | D        | Reached skill level 1 in Fighting
  2045 | D        | Reached skill level 1 in Conjurations
  2046 | D        | Killed an oklob plant summoner
  2049 | D        | Killed an oklob plant shifter
  2060 | D        | Noticed a demonic crawler
  2062 | D        | Killed a demonic crawler
  2063 | D        | Reached XP level 10. HP: 49/49 MP: 30/30
  2064 | D        | Noticed a spriggan rider
  2065 | D        | Found Itibubel's General Store.
  2287 | D        | Slain by a spriggan rider

Illustrated notes

Levels and vault maps discovered:
D:        dungeon_sprint_fedhas [sprint_temple]

Skill      XL: |  1  2  3  4  5  6  7  8  9 |
---------------+----------------------------+-----
Stealth        | 6 8 10 11 13 15 16 | 16.0
Spellcasting   | 3 4 5 6 7 8 11 14 15 | 15.9
Hexes          | 4 5 6 8 9 11 14 15 | 15.9
Evocations     | 2 5 7 9 10 | 10.0
Fighting       | 3 |  3.1
Short Blades   | 4 |  4.5
Conjurations   | 2 |  2.8
Dodging        | |  2.6

Action                     |  1- 3 |  4- 6 |  7- 9 | 10-12 || total
---------------------------+-------+-------+-------+-------++-------
  Melee: Dagger            |    10 |    24 |    19 |     3 ||    56
         Punch             |       |     1 |       |       ||     1
   Cast: Frozen Ramparts   |       |       |       |     2 ||     2
         Confusing Touch   |       |       |       |     1 ||     1
         Dazzling Flash    |       |       |       |     1 ||     1
Ability: Evoke Invisibilit |       |     4 |     2 |       ||     6
    Use: Potion            |     1 |     1 |     1 |     1 ||     4
   Stab: Invisible         |     1 |     2 |       |     1 ||     4
         Sleeping          |     2 |     4 |    15 |       ||    21
  Dodge: Dodged            |     3 |    14 |       |     6 ||    23
